 Dungeon Crawl Stone Soup version 0.29.1-13-g9f3cf754e1 (webtiles) character file.

Game seed: 3732300873165159438

387 EarthwalkerPL the Trooper (level 6, -9/56 HPs)
             Began as a Minotaur Fighter on Jan 22, 2023.
             Was an Initiate of Okawaru.
             Killed from afar by Dowan (10 damage)
             ... with a shard of ice
             ... on level 4 of the Dungeon.
             The game lasted 00:04:31 (2997 turns).

EarthwalkerPL the Trooper (Minotaur Fighter)        Turns: 2997, Time: 00:04:32

Health: -9/56      AC:  8    Str: 23    XL:     6   Next: 49%
Magic:  5/5        EV:  9    Int:  5    God:    Okawaru [......]
Gold:   147        SH:  4    Dex:  9    Spells: 5/5 levels left

rFire   . . .      SeeInvis .   a - +0 war axe
rCold   . . .      Faith    .   c - +0 buckler
rNeg    . . .      Spirit   .   b - +0 scale mail
rPois   .          Reflect  .   (helmet restricted)
rElec   .          Harm     .   q - +0 cloak
rCorr   .          Rampage  .   (no gloves)
Will    +....                   (no boots)
Stlth   ..........              (no amulet)
HPRegen 0.18/turn               l - ring of willpower
MPRegen 0.09/turn               (no ring)

@: no status effects
A: horns 2, retaliatory headbutt
a: Renounce Religion


You were on level 4 of the Dungeon.
You worshipped Okawaru.
Okawaru was noncommittal.
You visited 2 branches of the dungeon, and saw 5 of its levels.

You collected 147 gold pieces.

Inventory:

Hand Weapons
 a - a +0 war axe (weapon)
Armour
 b - a +0 scale mail (worn)
 c - a +0 buckler (worn)
 q - a +0 cloak (worn)
Jewellery
 l - a ring of willpower (left hand)
 t - a ring of fire
 u - a +6 ring of strength
Scrolls
 h - 3 scrolls of noise {unknown}
 j - 5 scrolls of teleportation {unknown}
 k - 5 scrolls of identify {unknown}
 m - 2 scrolls of immolation {unknown}
 n - a scroll of magic mapping {unknown}
 o - a scroll of silence {unknown}
 r - a scroll of enchant weapon {unknown}
 s - a scroll of brand weapon {unknown}
Potions
 d - a potion of might
 e - 2 potions of curing {unknown}
 f - a potion of brilliance {unknown}
 g - a potion of haste {unknown}
 i - a potion of mutation {unknown}
 p - a potion of attraction {unknown}


   Skills:
 * Level 5.6 Fighting
 * Level 4.9 Axes
 * Level 5.5 Armour
 + Level 4.7 Shields


You had 5 spell levels left.
You didn't know any spells.
Your spell library was empty.

Dungeon Overview and Level Annotations

Branches:
Dungeon (4/15)             Temple (1/1) D:4

Altars:
Fedhas
Gozag
Kikubaaqudgha
Nemelex Xobeh
Okawaru
Qazlal
Ru
Sif Muna
Vehumet
Xom

Shops:
D:3 *

Annotations:
D:4 Dowan


Innate Abilities, Weirdness & Mutations

You have a pair of horns on your head.
You reflexively headbutt those who attack you in melee.


Message History

Duvessa hits you but does no damage. Duvessa hits you with a +0 rapier.
Dowan hits you but does no damage.
You are too injured to fight recklessly!
Unknown command.
You barely miss Duvessa.
Duvessa is almost dead.
You hit Dowan but do no damage. Duvessa hits you with a +0 rapier.
Dowan hits you with a +0 dagger. Duvessa hits you with a +0 rapier.
* * * LOW HITPOINT WARNING * * *
Dowan casts a spell at you. The puff of frost hits you!
* * * LOW HITPOINT WARNING * * *
You block Duvessa's attack.
You slash Duvessa!
You kill Duvessa!
Okawaru accepts your kill.
Dowan's eyes darken. "You have made a black mistake."
Dowan seems to find hidden reserves of power!
You barely miss Dowan.
Dowan gestures wildly while chanting.
Dowan blinks!
Found a stone staircase leading down.
Dowan mumbles some strange words.
Dowan blinks!
Dowan attacks as you move away! Dowan hits you with a +0 dagger.
* * * LOW HITPOINT WARNING * * *
You closely miss Dowan. Your headbutt misses Dowan. You block Dowan's attack.
Dowan hits you but does no damage.
You barely miss Dowan. Your headbutt misses Dowan.
Dowan hits you with a +0 dagger.
* * * LOW HITPOINT WARNING * * *
Dowan hits you but does no damage.
You hit Dowan but do no damage. Dowan hits you with a +0 dagger.
* * * LOW HITPOINT WARNING * * *
You block Dowan's attack.
You hit Dowan.
Dowan is lightly wounded.
Dowan gestures at you while chanting. The shard of ice hits you!
You die...

......>.#≈≈≈#
#.#
#####...#≈≈≈#
#.#
#≈≈≈#####≈≈≈#
#.#
#≈≈≈≈≈≈≈≈≈≈≈####
#.#
#≈≈≈≈≈≈≈≈≈≈≈#
..####)###
#≈≈≈≈≈≈≈≈≈≈≈#
#.#......#
#############
#.#.####.# #.e##
[..# #.@# ≈~~~≈≈
#.># ##...###
##.# ##### #.#
#.# #.# #.# #.#


You could see Dowan (fast).

Vanquished Creatures
  Sigmund (D:3)
  Duvessa (D:4)
  5 adders
  5 dart slugs
  2 worms
  4 orcs (D:4)
  5 ball pythons
  8 endoplasms
  5 giant cockroaches
  6 goblins
  8 hobgoblins
  2 jackals (D:2)
  2 bats
  2 frilled lizards (D:2)
  6 kobolds
  2 rats (D:3)
64 creatures vanquished.

Notes
Turn   | Place    | Note
-------+----------+-------------------------------------------
     0 | D:1      | EarthwalkerPL the Minotaur Fighter began the quest for the
                  | Orb.
     0 | D:1      | Reached XP level 1. HP: 19/19 MP: 0/0
   156 | D:1      | Reached XP level 2. HP: 26/27 MP: 1/1
   645 | D:1      | Found a faded altar of an unknown god.
  1092 | D:2      | Reached XP level 3. HP: 33/33 MP: 2/2
  1305 | D:2      | Reached XP level 4. HP: 41/41 MP: 3/3
  2311 | D:3      | Found Roetyun's General Store.
  2330 | D:3      | Noticed Sigmund
  2333 | D:3      | Killed Sigmund
  2334 | D:3      | Reached skill level 5 in Fighting
  2334 | D:3      | Reached skill level 5 in Armour
  2334 | D:3      | Reached XP level 5. HP: 37/48 MP: 4/4
  2557 | D:4      | Found a staircase to the Ecumenical Temple.
  2603 | Temple   | Entered the Ecumenical Temple
  2779 | Temple   | Became a worshipper of Warmaster Okawaru
  2826 | D:4      | Reached XP level 6. HP: 56/56 MP: 5/5
  2974 | D:4      | Noticed Duvessa
  2974 | D:4      | Noticed Dowan
  2988 | D:4      | Killed Duvessa
  2995 | D:4      | HP: 2/56 [Dowan/+0 dagger (4)]
  2997 | D:4      | Killed from afar by Dowan

Illustrated notes

Levels and vault maps discovered:
D:1:      dpeg_arrival_oval, layout_loops_ring, basic_ecumenical_altar
D:2:      layout_basic, eino_tiny_chamber
D:3:      layout_basic, serial_shops, shop, uniq_sigmund
D:4:      layout_basic, minmay_temple_entry_poolview, serial_rivers,
          chequers_serial_rivers_small_b, chequers_serial_rivers_micro_a,
          chequers_serial_rivers_micro_c, chequers_serial_rivers_micro_d,
          minmay_misc_feat_iff, uniq_duvessa
Temple:   chequers_temple_sunken

Skill      XL: |  1  2  3  4 |
---------------+-------------+-----
Armour         | 4 5 |  5.5
Fighting       | 4 5 |  5.6
Axes           | 3 4 |  4.9
Shields        | 4 |  4.7

Action                   |  1- 3 |  4- 6 || total
-------------------------+-------+-------++-------
Melee: War axe           |    75 |    66 ||   141
       Headbutt          |     6 |     7 ||    13
Armor: Scale mail        |    38 |    31 ||    69
Dodge: Dodged            |    37 |    22 ||    59
Block: Buckler           |    16 |    23 ||    39
